 Dungeon Crawl Stone Soup version 0.30-a0-341-g682706514a (webtiles) character file.

Game seed: 2827088985418562771

950 retardedninja the Chopper (level 8, 0/57 (71) HPs)
             Began as a Hill Orc Fighter on Nov 2, 2022.
             Was an Initiate of Gozag.
             Slain by a fire elemental (14 damage)
             ... created by the fiery vengeance of Ignis
             ... on level 5 of the Dungeon.
             The game lasted 00:07:07 (7739 turns).

retardedninja the Chopper (Hill Orc Fighter)        Turns: 7739, Time: 00:07:07

HP:   0/57 (71)     AC:  7    Str: 21      XL:     8   Next: 13%
MP:   8/8           EV:  9    Int:  3 (8)  God:    Gozag
Gold: 185           SH:  5    Dex: 10      Spells: 7/7 levels left

rFire   . . .      SeeInvis .    a - +2 war axe
rCold   . . .      Faith    .    c - +0 buckler
rNeg    . . .      Spirit   .    b - +0 scale mail
rPois   .          Reflect  .    (no helmet)
rElec   .          Harm     .    (no cloak)
rCorr   .          Rampage  .    (no gloves)
Will    .....                    (no boots)
Stlth   ..........               (no amulet)
HPRegen 0.29/turn                (no ring)
MPRegen 0.11/turn                (no ring)

@: heavily drained
A: no striking features
a: Renounce Religion, Potion Petition, Call Merchant, Bribe Branch


You were on level 5 of the Dungeon.
You worshipped Gozag.
Gozag was aware of your devotion.
You visited 2 branches of the dungeon, and saw 6 of its levels.
You also visited: Sewer.

You collected 251 gold pieces.
You paid 66 gold pieces to Gozag.

Inventory:

Hand Weapons
 a - a +2 war axe (weapon)
Armour
 b - a +0 scale mail (worn)
 c - a +0 buckler (worn)
Wands
 d - a wand of digging (7)
 m - a wand of polymorph (11)
 p - a wand of charming (15)
 q - a wand of acid (4)
Scrolls
 e - a scroll of amnesia
 f - a scroll of silence
 g - 4 scrolls of teleportation
 h - 2 scrolls of noise
 k - a scroll of enchant armour {unknown}
 n - a scroll of butterflies {unknown}
 r - a scroll of blinking
Potions
 i - a potion of curing
 j - a potion of heal wounds {unknown}
 l - a potion of berserk rage {unknown}
 o - a potion of attraction {unknown}


   Skills:
 + Level 6.5 Fighting
 + Level 6.5 Axes
 + Level 5.9 Armour
 + Level 5.9 Shields


You had 7 spell levels left.
You didn't know any spells.
Your spell library contained the following spells:

 Spells                   Type           Power      Damage    Failure   Level
 Kiss of Death            Conj/Necr      0%         2d5       89%         1
 Confusing Touch          Hex            0%         N/A       99%         3
 Dispel Undead            Necr           0%         3d6       100%        4


Dungeon Overview and Level Annotations

Branches:
Dungeon (5/15)             Temple (1/1) D:4           Sewer (visited)

Altars:
Dithmenos
Elyvilon
Fedhas
Gozag
Kikubaaqudgha
Makhleb
Nemelex Xobeh
Qazlal
Ru
Sif Muna
Trog
Uskayaw
Wu Jian
Xom
Zin
Beogh


Message History

You slash the necrophage!
The necrophage is heavily damaged.
The necrophage hits you. You block the necrophage's attack.
You closely miss the necrophage.
The necrophage is heavily damaged.
You block the necrophage's attack.
You hit the necrophage.
The necrophage is severely damaged.
You block the necrophage's attack.
You barely miss the necrophage.
The necrophage is severely damaged.
The necrophage closely misses you.
You slash the necrophage!
You destroy the necrophage!
You now have 185 gold pieces (gained 5).
There is a stone staircase leading up here.
You start resting.
HP restored.
You start waiting.
Nemelex Xobeh makes you draw from the deck of Punishment.
You draw a card...
You have drawn the Wraith.
You feel drained.
Okay, then.
You climb upwards.
The fire elemental hits you. The fire elemental burns you!
The fire elemental barely misses you.
There is a stone staircase leading down here.
The fire elemental hits you. The fire elemental burns you!
You climb downwards.
There is a stone staircase leading up here.
You feel better. The fire elemental closely misses you.
You closely miss the fire elemental. The fire elemental hits you.
The fire elemental burns you! The fire elemental hits you.
The fire elemental burns you!
You closely miss the fire elemental. The fire elemental hits you.
The fire elemental burns you!
* * * LOW HITPOINT WARNING * * *
You slash the fire elemental!
The fire elemental is moderately damaged.
The fire elemental hits you. The fire elemental burns you!
You die...
Your body crumbles into a pile of gold.

.# .. #.
###. #..
#.#
####E####.#
#...@.....#
#.##.######
...##.#
#.####.# #.
#.# # ...
... ...


You could see a fire elemental.

Vanquished Creatures
  Pikel (D:4)
  A fire elemental (D:5)
  2 bullfrogs (Sewer)
  2 necrophages
  A scorpion (D:4)
  An orc priest (D:3)
  Jessica (D:2)
  An iguana (D:4)
  A gnoll (D:1)
  2 adders
  3 worms
  A dart slug (D:2)
  5 orcs
  10 endoplasms
  10 giant cockroaches
  7 goblins
  10 hobgoblins
  3 jackals (D:1)
  4 kobolds
  20 quokkas
  9 ball pythons
  3 bats
  12 frilled lizards
  4 rats
114 creatures vanquished.

Vanquished Creatures (others)
  5 fungi (D:5)
5 creatures vanquished.

Grand Total: 119 creatures vanquished

Notes
Turn   | Place    | Note
-------+----------+-------------------------------------------
     0 | D:1      | retardedninja the Hill Orc Fighter began the quest for the
                  | Orb.
     0 | D:1      | Reached XP level 1. HP: 19/19 MP: 1/1
   148 | D:1      | Reached XP level 2. HP: 27/27 MP: 2/2
   788 | D:2      | Reached XP level 3. HP: 16/33 MP: 3/3
  1182 | D:2      | Noticed Jessica
  1185 | D:2      | Killed Jessica
  1186 | D:2      | Reached XP level 4. HP: 40/40 MP: 4/4
  1805 | D:3      | Found a roughly hewn altar of Beogh.
  1817 | D:3      | Reached XP level 5. HP: 36/47 MP: 5/5
  2236 | D:3      | Found an ornate altar of the Wu Jian Council.
  2236 | D:3      | Found a sacrificial altar of Ru.
  2238 | D:3      | Found a shadowy altar of Dithmenos.
  2436 | D:3      | Found a faded altar of an unknown god.
  2498 | D:3      | Prayed at the altar of an unknown god.
  2498 | D:3      | Became a worshipper of Nemelex Xobeh the Trickster
  2498 | D:3      | Reached * piety under Nemelex Xobeh
  2500 | D:3      | Fell from the grace of Nemelex Xobeh
  2921 | D:4      | Found a glowing drain.
  2937 | Sewer    | Entered a sewer
  3075 | Sewer    | Reached XP level 6. HP: 55/55 MP: 6/6
  3131 | Sewer    | Reached skill level 5 in Fighting
  3248 | Sewer    | Reached skill level 5 in Axes
  3462 | D:4      | Reached skill level 5 in Armour
  3489 | D:4      | Found a staircase to the Ecumenical Temple.
  3506 | Temple   | Entered the Ecumenical Temple
  3645 | Temple   | Became a worshipper of Gozag Ym Sagoz the Greedy
  3675 | D:4      | Noticed Pikel
  3687 | D:4      | Killed Pikel
  3688 | D:4      | Reached skill level 5 in Shields
  3688 | D:4      | Reached XP level 7. HP: 19/63 MP: 7/7
  4244 | D:4      | Reached XP level 8. HP: 49/71 MP: 8/8
  7442 | D:5      | Entered Level 5 of the Dungeon
  7739 | D:5      | Slain by a fire elemental

Illustrated notes

Levels and vault maps discovered:
D:1:      mrwooster_arrival_statue, layout_basic
D:2:      layout_loops_ring, uniq_jessica
D:3:      cheibrodos_helix_gallery, layout_loops_corners,
          nicolae_overflow_hidden_temple, ebering_ecumenical_altar_box,
          kennysheep_orc_chapel
D:4:      layout_basic, minmay_temple_entry_ruins, gup_sewer_entry_pipe,
          uniq_pikel
D:5:      layout_loops_ring, dreamdust_mushroom_princess
Temple:   nicolae_temple_bog_church

Skill      XL: |  1  2  3  4  5  6 |
---------------+-------------------+-----
Axes           | 3 4 6 |  6.5
Fighting       | 4 6 |  6.5
Armour         | 4 5 |  5.9
Shields        | 4 5 |  5.9

Action                   |  1- 3 |  4- 6 |  7- 9 || total
-------------------------+-------+-------+-------++-------
Melee: War axe           |    54 |   241 |    35 ||   330
       Unarmed           |       |       |    10 ||    10
Invok: Renounce Religion |       |     1 |       ||     1
  Use: Scroll            |       |     8 |       ||     8
       Potion            |       |     2 |     1 ||     3
Armor: Scale mail        |    23 |   108 |    19 ||   150
Dodge: Dodged            |    20 |   111 |    22 ||   153
Block: Buckler           |    12 |    53 |    12 ||    77

Table legend: (Time is in decaauts)
 A = Elapsed time spent in this place.
 B = Non-inter-level travel time spent in this place.
 C = Inter-level travel time spent in this place.
 D = Time resting spent in this place.
 E = Time spent auto-exploring this place.
 F = Levels seen in this place.
 G = Mean time per level.
                   A        B        C        D        E       F      G
               +--------+--------+--------+--------+--------+-----+--------+
         Total |   7923 |   7780 |    143 |   4117 |   2740 |   7 | 1131.9 |
       Dungeon |   7236 |   7111 |    125 |   4117 |   2379 |   5 | 1447.2 |
        Temple |    165 |    147 |     18 |      0 |    115 |   1 |  165.0 |
         Sewer |    521 |    521 |      0 |      0 |    244 |   1 |  521.0 |
               +--------+--------+--------+--------+--------+-----+--------+

Top non-repeatable levels by time:
     D:4: 4049 daAuts
     D:3: 1080 daAuts
     D:2: 1028 daAuts
     D:1: 778 daAuts
   Sewer: 521 daAuts
     D:5: 299 daAuts
  Temple: 165 daAuts
